 Dungeon Sprint DCSS version 0.30.1-11-g7821555f0a (webtiles) character file.

Game seed: 9484646257718370584

35 Groucho the Digger (level 3, -8/19 HPs)
             Began as a Deep Elf Earth Elementalist on Jan 16, 2024.
             Was a Believer of Sif Muna.
             Shot with an arrow by a centaur (13 damage)
             ... in the Dungeon (Sprint VII: "The Pits").
             The game lasted 00:01:58 (652 turns).

Groucho the Digger (Deep Elf Earth Elementalist)     Turns: 652, Time: 00:01:58

Health: -8/19      AC:  2    Str:  5    XL:     3   Next: 16%
Magic:  9/11       EV: 12    Int: 21    God:    Sif Muna [**....]
Gold:   0          SH:  0    Dex: 15    Spells: 8/12 levels left

rFire   . . .        h - +2 dagger
rCold   . . .        (no shield)
rNeg    . . .        a - +0 robe
rPois   .            (no helmet)
rElec   .            (no cloak)
rCorr   .            (no gloves)
SInv    .            (no boots)
Will    .....        (no amulet)
Stlth   ++           (no ring)
HPRegen 0.23/turn    (no ring)
MPRegen 0.12/turn

%: no teleportation
@: no status effects
A: no striking features
a: Renounce Religion, Channel Magic


You were in the Dungeon.
You worshipped Sif Muna.
Sif Muna was pleased with you.
You visited 1 branch

Inventory:

Hand Weapons
 h - a +2 dagger (weapon)
Armour
 a - a +0 robe (worn)
Scrolls
 g - a scroll of blinking
 j - 5 scrolls of amnesia
 k - a scroll of butterflies
Potions
 b - 5 potions of magic
 e - a potion of haste
 f - 3 potions of berserk rage
 i - 2 potions of invisibility


   Skills:
 - Level 2.4 Dodging
 - Level 2.4 Stealth
 + Level 5.1 Spellcasting
 + Level 3.1 Conjurations
 - Level 1.1 Transmutations
 * Level 5.9 Earth Magic


You had 8 spell levels left.
You knew the following spells:

 Your Spells              Type           Power      Damage    Failure   Level
a - Sandblast             Erth           60%        2d14      1%          1
b - Stone Arrow           Conj/Erth      48%        3d10      4%          3

Your spell library contained the following spells:

 Spells                   Type           Power      Damage    Failure   Level
 Passwall                 Tmut/Erth      16%        N/A       3%          2
 Petrify                  Tmut/Erth      20%        N/A       26%         4


Dungeon Overview and Level Annotations

Branches:
Dungeon (1/1)

Altars:
Ashenzari
Cheibriados
Dithmenos
Elyvilon
Fedhas
Gozag
Hepliaklqana
Kikubaaqudgha
Makhleb
Nemelex Xobeh
Okawaru
Qazlal
Ru
Sif Muna
Trog
Uskayaw
Vehumet
Wu Jian
Xom
Yredelemnul
Zin
The Shining One
Jiyva
Lugonu


Message History

You see here a frilled lizard skeleton.
Aiming: Sandblast (safe; 1% risk of failure)
Press: ? - help, Q - select action, (/) - cycle Shift-Dir - straight line, f - goblin
Aim: a goblin, wielding a +0 club (79% to hit)
The blast of sand hits the goblin!
You kill the goblin!
Sif Muna accepts your kill.
Unknown command.
Unknown command.
There is an open door here.
Things that are here:
a +0 club; a goblin corpse The centaur shouts!
The centaur wields a +0 shortbow.
The centaur shoots an arrow.
The arrow hits you!
Ouch! That really hurt!
The centaur shoots an arrow.
The arrow misses you.
You feel much better.
The centaur shoots an arrow.
The arrow hits you.
Aiming: Sandblast (safe; 1% risk of failure)
Press: ? - help, Q - select action, (/) - cycle Shift-Dir - straight line, f - centaur
Aim: a centaur, wielding a +0 shortbow (90% to hit)
The blast of sand hits the centaur.
The centaur is lightly wounded.
The centaur shoots an arrow.
The arrow hits you!
Ouch! That really hurt!
* * * LOW HITPOINT WARNING * * *
Unknown command.
You feel better.
The centaur shoots an arrow.
The arrow hits you!
* * * LOW HITPOINT WARNING * * *
The centaur shoots an arrow.
The arrow closely misses you.
Unknown command.
Unknown command.
Aiming: Sandblast (safe; 1% risk of failure)
Press: ? - help, Q - select action, (/) - cycle Shift-Dir - straight line, f/p - centaur
Aim: a centaur, wielding a +0 shortbow (90% to hit)
The blast of sand hits the centaur!!
The centaur is almost dead.
The centaur shoots an arrow.
The arrow hits you!
Ouch! That really hurt!
You die...

#.?(.')))'.##......#..
##########.##.........
#.........).'.........
+#####'#####......#..
#...#.# #.........
#.).#.# ####'#####
#...รท)# #.......#
##)#### #.......#
#..@..# #.......#
#.....# #...<...#
#.....c.. #.......#
#........##.......#
###########.......#
#########


You could see a centaur.

Vanquished Creatures
  A gnoll (D)
  2 adders (D)
  An orc (D)
  2 goblins (D)
  A frilled lizard (D)
  A jackal skeleton (D)
8 creatures vanquished.

Notes
Turn   | Place    | Note
-------+----------+-------------------------------------------
     0 | D        | Groucho the Deep Elf Earth Elementalist began the quest for
                  | the Orb.
     0 | D        | Reached XP level 1. HP: 10/10 MP: 6/6
    13 | D        | Reached skill level 1 in Conjurations
    41 | D        | Found a bloodstained altar of Trog.
    41 | D        | Found a shimmering blue altar of Sif Muna.
    41 | D        | Found a viscous altar of Jiyva.
    41 | D        | Found a hazy altar of Hepliaklqana.
    41 | D        | Found an opulent altar of Gozag.
    42 | D        | Found a glowing golden altar of the Shining One.
    42 | D        | Found a glowing silver altar of Zin.
    42 | D        | Found a basalt altar of Yredelemnul.
    42 | D        | Found a shimmering altar of Xom.
    42 | D        | Found an ornate altar of the Wu Jian Council.
    42 | D        | Found a sacrificial altar of Ru.
    42 | D        | Found a stormy altar of Qazlal.
    42 | D        | Found an iron altar of Okawaru.
    42 | D        | Found a sparkling altar of Nemelex Xobeh.
    42 | D        | Found a burning altar of Makhleb.
    42 | D        | Found a blossoming altar of Fedhas.
    42 | D        | Found a white marble altar of Elyvilon.
    42 | D        | Found a shadowy altar of Dithmenos.
    42 | D        | Found a snail-covered altar of Cheibriados.
    43 | D        | Found a radiant altar of Vehumet.
    43 | D        | Found a corrupted altar of Lugonu.
    44 | D        | Found an ancient bone altar of Kikubaaqudgha.
    44 | D        | Found a hide-covered altar of Uskayaw.
    44 | D        | Found a broken altar of Ashenzari.
    45 | D        | Became a worshipper of Sif Muna the Loreminder
    60 | D        | Reached XP level 2. HP: 15/15 MP: 6/9
   232 | D        | Reached * piety under Sif Muna
   236 | D        | Reached skill level 5 in Earth Magic
   383 | D        | Noticed a centaur
   389 | D        | Reached ** piety under Sif Muna
   390 | D        | Reached skill level 5 in Spellcasting
   390 | D        | Reached XP level 3. HP: 19/19 MP: 8/11
   394 | D        | Learned a level 3 spell: Stone Arrow
   652 | D        | Shot with an arrow by a centaur

Illustrated notes

Levels and vault maps discovered:
D:        pitsprint [storerooms_1, entrance_room_1, metal_vault_5, armoury_3,
          mini_pit_1, grid_room_1, main_hall_1, silver_pit, the_coven_3,
          the_vestibule_1, steel_vault_3, golden_pit, hallway_of_sentries,
          crystal_vault_2, iron_vault_2, final_vault]

Skill      XL: |  1  2 |
---------------+-------+-----
Conjurations   | 2 3 |  3.1
Spellcasting   | 4 5 |  5.1
Earth Magic    | 4 5 |  5.9
Dodging        | |  2.4
Stealth        | |  2.4
Transmutations | |  1.1

Action                     || total
---------------------------++-------
   Cast: Sandblast         ||    13
    Use: Potion            ||     2
 Armour: Robe              ||     1
  Dodge: Dodged            ||     3
